 Dungeon Crawl Stone Soup version 0.21.1-1-g345015f (console) character file.

84 fly the Slasher (level 4, 0/36 HPs)
             Began as a Barachi Fighter on Apr 30, 2018.
             Succumbed to a gnoll's poison
             ... on level 2 of the Dungeon.
             The game lasted 00:01:39 (1141 turns).

fly the Slasher (Barachi Fighter)                   Turns: 1141, Time: 00:01:40

Health: 0/36       AC:  6    Str: 18    XL:     4   Next: 45%
Magic:  4/4        EV:  7    Int:  9    God:
Gold:   79         SH:  9    Dex: 11    Spells: 3/3 levels left

rFire    . . .     SeeInvis .   a - +0 long sword
rCold    . . .     Gourm    .   v - +0 shield
rNeg     . . .     Faith    .   y - +0 scale mail
rPois    .         Spirit   .   (no helmet)
rElec    .         Reflect  .   (no cloak)
rCorr    .         Harm     .   (no gloves)
MR       .....                  (no boots)
Stlth    +.........             (no amulet)
HPRegen  0.12/turn              g - ring of stealth
MPRegen  0.09/turn              (no ring)

@: lethally poisoned (0 -> -13), flying, very slightly contaminated, slow
A: +LOS, swims, slowness 1, strong legs 1
a: Hop


You were on level 2 of the Dungeon.
You were hungry.

You visited 1 branch of the dungeon, and saw 2 of its levels.

You collected 79 gold pieces.

Inventory:

Hand Weapons
 a - a +0 long sword (weapon)
Armour
 v - a +0 shield (worn)
 y - a +0 scale mail (worn)
Jewellery
 g - a ring of stealth (left hand)
Scrolls
 b - a scroll of remove curse {unknown}
 e - a scroll of identify {unknown}
Potions
 d - 2 potions of might
Comestibles
 f - 3 rations


   Skills:
 - Level 3.6 Fighting
 + Level 5.5 Long Blades
 - Level 3.6 Armour
 - Level 3.2 Shields


You had 3 spell levels left.
You didn't know any spells.

Dungeon Overview and Level Annotations

Branches:
Dungeon (2/15)

Altars:
Fedhas
Xom


Innate Abilities, Weirdness & Mutations

Shadows flee at your approach. (+LOS)
You can swim through water.
You cover ground slowly.
You can hop short distances.


Message History

* * * LOW HITPOINT WARNING * * *
You are poisoned.
* * * LOW HITPOINT WARNING * * *
You feel sick.
* * * LOW HITPOINT WARNING * * *
You feel sick.
The gnoll hits you with a dagger of chaos.
* * * LOW HITPOINT WARNING * * *
You are more poisoned.
You are feeling hungry.
* * * LOW HITPOINT WARNING * * *
You feel sick.
It was a potion of flight.
You feel very buoyant.
You fly up into the air.
* * * LOW HITPOINT WARNING * * *
You feel sick. You block the gnoll's attack.
* * * LOW HITPOINT WARNING * * *
You feel sick.
You die...

≈ #. ≈# #....... #.
≈.≈. #....... #.. .#≈
#### ### #.......
.≈.. ≈.# #.. ..#
###...## ≈#≈.≈
≈≈##.####.# ##.##
#≈#...#⌠#....##.# #.#
.....⌠≈##....##.# #.#
#⌠≈...#).....##.#####
#.#
⌠.#≈?#.##...g.@.....#
#.#
≈≈##.#....##.###.#
###.#
..≈?#.^≈###.###.....#
#...# .≈⌠≈.##≈
#.######..# #.####
.#..(#.. #.........#
#.##.## ≈.#. ≈#
###...##.######.#...#
..≈# #
.....................
#._
#.#######.##.##.....#
# #.##.###.#.##


You could see a gnoll.

Vanquished Creatures
  An adder (D:2)
  3 gnolls (D:2)
  An ooze (D:1)
  2 dart slugs (D:1)
  A leopard gecko (D:1)
  A ball python (D:1)
  5 bats
  A giant cockroach (D:2)
  7 goblins (D:1)
  6 hobgoblins
  2 kobolds
  3 frilled lizards
  3 rats
36 creatures vanquished.

Notes
Turn   | Place    | Note
-------+----------+-------------------------------------------
     0 | D:1      | fly the Barachi Fighter began the quest for the Orb.
     0 | D:1      | Reached XP level 1. HP: 18/18 MP: 1/1
    22 | D:1      | Reached skill level 3 in Long Blades
    22 | D:1      | Reached XP level 2. HP: 15/24 MP: 2/2
   376 | D:1      | Reached skill level 4 in Long Blades
   423 | D:1      | Reached XP level 3. HP: 26/29 MP: 3/3
   853 | D:2      | Found a blossoming altar of Fedhas.
  1117 | D:2      | Found a shimmering altar of Xom.
  1119 | D:2      | Reached skill level 5 in Long Blades
  1119 | D:2      | Reached XP level 4. HP: 35/36 MP: 4/4
  1140 | D:2      | HP: 1/36 [poisoned by a gnoll]
  1141 | D:2      | Succumbed to a gnoll's poison

Skill      XL: |  1  2  3 |
---------------+----------+-----
Long Blades    | 3 4 5 |  5.5
Fighting       | |  3.6
Armour         | |  3.6
Shields        | |  3.2

Action                   |  1- 3 |  4- 6 || total
-------------------------+-------+-------++-------
Melee: Long sword        |   109 |    12 ||   121
  Use: Potion            |       |     2 ||     2
 Stab: Invisible         |     1 |     1 ||     2
  Eat: Chunk             |     1 |       ||     1
Armor: Scale mail        |    54 |     1 ||    55
Dodge: Dodged            |    36 |     2 ||    38
Block: Shield            |    83 |     4 ||    87
       Rpst.: Long sword |     9 |       ||     9
